 Dungeon Crawl Stone Soup version 0.29-a0-375-g5102b3be25 (webtiles) character file.

Game seed: 10112114393050148245

14 Antichthon the Shield-Bearer (level 2, -1/19 HPs)
             Began as a Gargoyle Fighter on May 4, 2022.
             Slain by a gnoll
             ... wielding a +0 whip
              (2 damage)
             ... on level 1 of the Dungeon.
             The game lasted 00:01:20 (605 turns).

Antichthon the Shield-Bearer (Gargoyle Fighter)      Turns: 605, Time: 00:01:20

Health: -1/19      AC:  9    Str: 19    XL:     2   Next: 45%
Magic:  2/2        EV:  9    Int:  8    God:
Gold:   31         SH:  4    Dex:  9    Spells: 1/1 levels left

rFire   . . .      SeeInvis .   a - +1 flail
rCold   . . .      Faith    .   c - +0 buckler
rNeg    + . .      Spirit   .   b - +0 scale mail
rPois   ∞          Reflect  .   (no helmet)
rElec   +          Harm     .   (no cloak)
rCorr   .          Rampage  .   (no gloves)
Will    .....                   (no boots)
Stlth   ..........              (no amulet)
HPRegen 0.06/turn               (no ring)
MPRegen 0.08/turn               (no ring)

@: no status effects
A: sickness immunity, AC +2, negative energy resistance 1, electricity
resistance, torment resistance 1, petrification resistance
a: no special abilities


You were on level 1 of the Dungeon.
You visited 1 branch of the dungeon, and saw 1 of its levels.

You collected 31 gold pieces.

Inventory:

Hand Weapons
 a - a +1 flail (weapon)
Armour
 b - a +0 scale mail (worn)
 c - a +0 buckler (worn)
Potions
 d - a potion of might
 f - a potion of lignification {unknown}
 g - a potion of curing


   Skills:
 * Level 3.4 Fighting
 * Level 2.1 Maces & Flails
 * Level 3.5 Armour
 * Level 0.3 Dodging
 * Level 3.5 Shields
 * Level 0.2 Invocations


You had one spell level left.
You didn't know any spells.
Your spell library contained the following spells:

 Spells                   Type           Power      Damage    Failure   Level
 Corpse Rot               Necr/Air       0%         N/A       94%         2
 Anguish                  Hex/Necr       0%         N/A       100%        4
 Flame Wave               Conj/Fire      0%         2d4       100%        4


Dungeon Overview and Level Annotations

Branches:
Dungeon (1/15)

Altars:


Innate Abilities, Weirdness & Mutations

You are immune to sickness and miasma.
Your stone body is resilient. (AC +2)
You are immune to poison.
You resist negative energy. (rN+)
You are resistant to electric shocks. (rElec)
You are resistant to unholy torment.
You are immune to petrification.


Message History

The gnoll attacks as you move away! The gnoll hits you with a +0 whip.
The kobold throws a stone.
The stone completely misses you. The gnoll attacks as you move away!
The gnoll hits you but does no damage.
The kobold hits you with a +0 short sword.
The gnoll attacks as you move away! The gnoll hits you but does no damage.
The kobold hits you but does no damage. The gnoll attacks as you move away!
The gnoll hits you but does no damage.
A quokka comes into view.
The gnoll attacks as you move away! The gnoll hits you with a +0 whip.
* * * LOW HITPOINT WARNING * * *
The gnoll attacks as you move away! You block the gnoll's attack.
The kobold throws a stone.
The stone hits you but does no damage.
The quokka bites you but does no damage.
Unknown command.
You aren't carrying any scrolls.
Unknown command.
You closely miss the gnoll. The quokka completely misses you.
The gnoll hits you but does no damage.
Unknown command.
You block the quokka's attack. You block the gnoll's attack.
The quokka bites you but does no damage.
The quokka closely misses you. The gnoll attacks as you move away!
The gnoll hits you with a +0 whip.
* * * LOW HITPOINT WARNING * * *
Unknown command.
Unknown command.
The gnoll attacks as you move away! The gnoll hits you with a +0 whip.
* * * LOW HITPOINT WARNING * * *
Unknown command.
You feel better. The gnoll closely misses you.
Unknown command.
You hit the gnoll.
The gnoll is moderately wounded.
The gnoll hits you with a +0 whip!
* * * LOW HITPOINT WARNING * * *
You hit the gnoll.
The gnoll is heavily wounded.
You block the quokka's attack. The gnoll closely misses you.
The quokka closely misses you. The gnoll hits you with a +0 whip.
You die...

#...r.g............#
#g################.#
##.# #.# ##..# ###
#.# #..## ##.. #.#
#.## #.. ...#
#.####### #.###.#..
........# ##Kg#!###.
........# ##..#@#.#
.# ........#
#.K###r#...#
....g...# ##.r.# ##
.#
........###gr#....#
......r.#....#......
........#....#.......
######
.............#.......
#.....
........#....#.......
### #.....
........>............
.. #.....


You could see a gnoll, a quokka and a kobold.

Vanquished Creatures
  An endoplasm (D:1)
  A giant cockroach (D:1)
  2 goblins (D:1)
  4 jackals (D:1)
  A quokka (D:1)
  2 bats (D:1)
  2 frilled lizards (D:1)
13 creatures vanquished.

Notes
Turn   | Place    | Note
-------+----------+-------------------------------------------
     0 | D:1      | Antichthon the Gargoyle Fighter began the quest for the
                  | Orb.
     0 | D:1      | Reached XP level 1. HP: 14/14 MP: 1/1
   274 | D:1      | Got the Guide on Twisted Fire
   441 | D:1      | Reached XP level 2. HP: 19/19 MP: 2/2
   605 | D:1      | Slain by a gnoll

Illustrated notes

Levels and vault maps discovered:
D:1:      minmay_arrival_open_corners, layout_basic, minmay_pentomino_x4

Action                   || total
-------------------------++-------
Melee: Flail             ||    47
  Use: Scroll            ||     3
       Potion            ||     1
Armor: Scale mail        ||    48
Dodge: Dodged            ||    43
Block: Buckler           ||    15

Table legend: (Time is in decaauts)
 A = Elapsed time spent in this place.
 B = Non-inter-level travel time spent in this place.
 C = Inter-level travel time spent in this place.
 D = Time resting spent in this place.
 E = Time spent auto-exploring this place.
 F = Levels seen in this place.
 G = Mean time per level.
                   A        B        C        D        E       F      G
               +--------+--------+--------+--------+--------+-----+--------+
         Total |    620 |    620 |      0 |      0 |    445 |   1 |  620.0 |
       Dungeon |    620 |    620 |      0 |      0 |    445 |   1 |  620.0 |
               +--------+--------+--------+--------+--------+-----+--------+

Top non-repeatable levels by time:
     D:1: 620 daAuts
